 Dungeon Crawl Stone Soup version 0.30.1-8-g117510f58f (webtiles) character file.

Game seed: 9712734677445522127

281 monsoonserge the Slasher (level 6, 0/49 HPs)
             Began as a Demonspawn Monk on Sept 23, 2023.
             Slain by an ogre
             ... wielding a +0 giant spiked club
              (19 damage)
             ... on level 4 of the Dungeon.
             The game lasted 00:05:24 (2612 turns).

monsoonserge the Slasher (Demonspawn Monk)          Turns: 2612, Time: 00:05:25

Health: 0/49       AC: 10    Str: 11    XL:     6   Next: 6%
Magic:  6/6        EV: 10    Int: 17    God:
Gold:   166        SH:  0    Dex: 18    Spells: 5/5 levels left

rFire   . . .        t - +0 long sword
rCold   . . .        d - orb {light}
rNeg    . . .        o - +0 chain mail
rPois   .            y - +1 hat
rElec   .            i - +0 cloak
rCorr   .            (no gloves)
SInv    .            (no boots)
Will    .....        (no amulet) Stlth
                     s - +6 ring of intelligence
HPRegen 0.28/turn    (no ring)
MPRegen 0.10/turn

%: no passive effects
@: glowing
A: hooves 1, foul stench 1, sturdy frame 2
a: no special abilities


You were on level 4 of the Dungeon.
You visited 1 branch of the dungeon, and saw 4 of its levels.

You collected 166 gold pieces.

Inventory:

Hand Weapons
 a - a +0 falchion
 t - a +0 long sword (weapon)
 v - a +0 rapier
Missiles
 C - 5 poisoned darts (quivered)
Armour
 b - a +0 robe
 d - an orb of light (worn)
 i - a +0 cloak (worn)
 o - a +0 chain mail (worn)
 u - a scarf of invisibility
 y - a +1 hat (worn)
Jewellery
 s - a +6 ring of intelligence (left hand)
Wands
 A - a wand of acid (4)
Scrolls
 f - 3 scrolls of identify {unknown}
 g - 2 scrolls of immolation {unknown}
 k - 2 scrolls of amnesia {unknown}
 l - a scroll of brand weapon {unknown}
 m - 2 scrolls of enchant weapon {unknown}
 p - 3 scrolls of teleportation {unknown}
 q - a scroll of magic mapping {unknown}
 z - a scroll of fear {unknown}
 B - a scroll of fog {unknown}
Potions
 c - a potion of ambrosia
 e - 2 potions of curing {unknown}
 h - 2 potions of haste {unknown}
 j - 2 potions of flight {unknown}
 n - a potion of invisibility {unknown}
 r - 2 potions of attraction {unknown}
 w - 2 potions of heal wounds {unknown}
 x - a potion of lignification {unknown}


   Skills:
 + Level 4.3 Fighting
 + Level 4.7 Long Blades
 + Level 1.5 Armour
 + Level 3.2 Dodging
 + Level 0.1 Stealth


You had 5 spell levels left.
You didn't know any spells.
Your spell library contained the following spells:

 Spells                   Type           Power      Damage    Failure   Level
 Summon Guardian Golem    Hex/Summ       0%         N/A       99%         3
 Orb of Destruction       Conj           0%         9d5       100%        7
 Spellforged Servitor     Conj/Summ      0%         N/A       100%        7


Dungeon Overview and Level Annotations

Branches:
Dungeon (4/15)
 Temple: D:4-7

Altars:


Innate Abilities, Weirdness & Mutations

You have large cloven feet.
You may rarely emit foul miasma when damaged in melee.
Your movements are less encumbered by armour. (ER -4)


Message History

A hobgoblin comes into view.
The hobgoblin shouts!
An iguana comes into view.
The iguana hisses angrily.
The iguana bites you! The hobgoblin barely misses you.
You hit the hobgoblin. Your kick misses the hobgoblin.
The hobgoblin is moderately wounded.
The iguana bites you. The hobgoblin hits you.
You hit the hobgoblin.
You kill the hobgoblin!
The iguana bites you.
You emit a cloud of foul miasma!
You hit the iguana.
The iguana is lightly wounded.
The iguana is engulfed in dark miasma.
The iguana is poisoned.
The iguana barely misses you.
You hit the iguana. You kick the iguana.
The iguana is moderately wounded.
The iguana is engulfed in dark miasma.
The iguana looks even sicker.
The iguana barely misses you.
You hit the iguana. You kick the iguana, but do no damage.
The iguana is heavily wounded.
The iguana is engulfed in dark miasma.
The iguana looks even sicker.
The iguana seems to slow down.
You kill the iguana!
You have reached level 6!
You see here an iguana corpse.
HP restored.
You see here an iguana corpse.
An ogre comes into view. It is wielding a +0 giant spiked club.
The ogre shouts!
You hit the ogre. You kick the ogre.
The ogre is lightly wounded.
The ogre hits you with a +0 giant spiked club!!
Ouch! That really hurt!
You hit the ogre. You kick the ogre.
The ogre is moderately wounded.
You completely miss the ogre. You kick the ogre.
The ogre is heavily wounded.
The ogre hits you with a +0 giant spiked club!!
You die...

#....#
####.####
#..†....# #
#.##.##.# .#
#.##.##.###.#
#.##........#
#.#####.#.###
#.......#.###
#######...@.#
# .# ###.#O#
##.### .#
#..... ......
.# ###.###
#.##.##.# .#
#....<#.# .#
#.......# ..
##.#....## ..
........#


You could see an ogre.

Vanquished Creatures
  An ogre (D:3)
  An iguana (D:4)
  2 orc wizards (D:3)
  6 adders
  2 dart slugs (D:1)
  4 orcs (D:3)
  2 endoplasms
  5 giant cockroaches
  12 goblins
  4 hobgoblins
  2 kobolds (D:3)
  3 quokkas (D:1)
  3 ball pythons
  4 bats
  6 frilled lizards
  6 rats
63 creatures vanquished.

Notes
Turn   | Place    | Note
-------+----------+-------------------------------------------
     0 | D:1      | monsoonserge the Demonspawn Monk began the quest for the
                  | Orb.
     0 | D:1      | Reached XP level 1. HP: 18/18 MP: 1/1
   184 | D:1      | Gained mutation: You may rarely emit foul miasma when
                  | damaged in melee. [demonic ancestry]
   184 | D:1      | Reached XP level 2. HP: 24/24 MP: 2/2
   663 | D:2      | Gained mutation: Your movements are slightly less
                  | encumbered by armour. (ER -2) [demonic ancestry]
   663 | D:2      | Reached XP level 3. HP: 26/29 MP: 3/3
  1672 | D:3      | Gained mutation: You have large cloven feet. [demonic
                  | ancestry]
  1672 | D:3      | Reached XP level 4. HP: 32/35 MP: 4/4
  2036 | D:3      | Reached skill level 1 in Armour
  2036 | D:3      | Gained mutation: Your movements are less encumbered by
                  | armour. (ER -4) [demonic ancestry]
  2036 | D:3      | Reached XP level 5. HP: 42/42 MP: 5/5
  2128 | D:3      | Noticed an ogre
  2132 | D:3      | Killed an ogre
  2532 | D:4      | Reached XP level 6. HP: 31/49 MP: 6/6
  2612 | D:4      | Slain by an ogre

Illustrated notes

Levels and vault maps discovered:
D:1:      roderic_octagonal_star, layout_rooms
D:2:      layout_loops_corners, minmay_misc_feat_hallway,
          minmay_misc_feat_plants, serial_bayou_ford_a,
          kennysheep_generic_room_7
D:3:      layout_loops_ring
D:4:      layout_loops_cross, chequers_garden

Skill      XL: |  1  2  3  4  5 |
---------------+----------------+-----
Long Blades    | 3 4 |  4.7
Dodging        | 3 |  3.2
Armour         | 1 |  1.5
Fighting       | 4 |  4.3
Stealth        | |  0.1

Action                     |  1- 3 |  4- 6 || total
---------------------------+-------+-------++-------
  Melee: Falchion          |    57 |       ||    57
         Long sword        |    32 |    67 ||    99
         Kick              |       |    18 ||    18
  Evoke: Wand              |       |     1 ||     1
 Armour: Robe              |    12 |       ||    12
         Chain mail        |    17 |    29 ||    46
  Dodge: Dodged            |    58 |    29 ||    87
